 Dungeon Crawl Stone Soup version 0.28-a0-793-g31680bbd8b (webtiles) character file.

Game seed: 2949288084674654792

7181 kae the Summoner (level 11, -1/58 HPs)
             Began as a Vine Stalker Summoner on Nov 4, 2021.
             Was an Initiate of Ashenzari.
             Slain by Erolcha (19 damage)
             ... on level 10 of the Dungeon.
             The game lasted 00:15:36 (13378 turns).

kae the Summoner (Vine Stalker Summoner)           Turns: 13378, Time: 00:15:37

Health: -1/58      AC: 11    Str: 16    XL:     11   Next: 11%
Magic:  0/33       EV: 15    Int: 18    God:    Ashenzari [......]
Gold:   449        SH:  0    Dex: 18    Spells: 13/26 levels left

rFire   . . .      SeeInvis .   h - +2 whip (elec)
rCold   x . .      Faith    .   (no shield)
rNeg    . . .      Spirit   +   y - +0 steam dragon scales
rPois   +          Reflect  .   (no helmet)
rElec   .          Harm     .   b - +1 cloak
rCorr   .          Rampage  .   (no gloves)
Will    +....                   (no boots)
Stlth   ++........              (no amulet)
HPRegen 1.19/turn               i - +6 ring of strength
MPRegen 0.23/turn               m - ring "Ruined Sophism" {rPois rC- MP+9 AC+4 Dex+2, Evo, Comp} (curse)

@: no status effects
A: fangs 3, regeneration 1, magic shield, antimagic bite, no potion heal 2
a: Renounce Religion, Shatter the Chains


You were on level 10 of the Dungeon.
You worshipped Ashenzari.
Ashenzari was noncommittal.
You visited 2 branches of the dungeon, and saw 11 of its levels.
You also visited: Sewer and Ossuary.

You collected 539 gold pieces.
You spent 90 gold pieces at shops.

Inventory:

Hand Weapons
 h - a +2 whip of electrocution (weapon)
Missiles
 j - a throwing net
Armour
 a - a +1 robe
 b - a +1 cloak (worn)
 p - a +1 robe of willpower
 y - +0 steam dragon scales (worn)
Jewellery
 i - a +6 ring of strength (left hand)
 m - the cursed ring "Ruined Sophism" (right hand) {rPois rC- MP+9 AC+4 Dex+2, Evo, Comp}
   (You acquired it on level 6 of the Dungeon)

   [ring of protection]

   AC:        It affects your AC (+4).
   Dex:       It affects your dexterity (+2).
   rC:        It makes you vulnerable to cold.
   rPois:     It protects you from poison.
   MP:        It affects your magic capacity (+9).
   It has a curse which improves the following skills: Evocations: Evocations.
   Companions: Summonings and Necromancy.
 s - a ring of magical power
 B - a ring of see invisible
Wands
 o - a wand of flame (38)
 r - a wand of paralysis (13)
 A - a wand of acid (8)
Scrolls
 l - 3 scrolls of teleportation
 q - 3 scrolls of magic mapping
 z - a scroll of identify
Potions
 c - a potion of flight
 d - 3 potions of might
 e - 2 potions of brilliance
 f - 2 potions of haste
 g - a potion of degeneration
 k - 4 potions of curing
 n - a potion of cancellation
 t - 5 potions of lignification
 u - 2 potions of magic
 v - a potion of heal wounds
 w - a potion of mutation {unknown}
 x - a potion of berserk rage {unknown}
 C - a potion of resistance {unknown}


   Skills:
 + Level 6.9 Fighting
 + Level 5.3 Dodging
 - Level 2.4 Stealth
 + Level 8.1 Spellcasting
 * Level 11.7(12.2) Summonings
 + Level 1.1(1.4) Evocations


You had 13 spell levels left.
You knew the following spells:

 Your Spells              Type           Power      Damage    Failure   Level
a - Summon Small Mammal   Summ           100%       N/A       1%          1
b - Call Imp              Summ           51%        N/A       1%          2
c - Call Canine Familiar  Summ           51%        N/A       1%          3
d - Summon Guardian Gole  Hex/Summ       29%        N/A       2%          3
e - Summon Lightning Spi  Summ/Air       29%        N/A       8%          4

Your spell library contained the following spells:

 Spells                   Type           Power      Damage    Failure   Level
 Airstrike                Air            3%         N/A       67%         4
 Lightning Bolt           Conj/Air       3%         1d15      95%         5


Dungeon Overview and Level Annotations

Branches:
Dungeon (10/15)            Temple (1/1) D:6            Lair (0/6) D:8
  Sewer (visited)         Ossuary (visited)
    Orc: D:9-12

Altars:
Ashenzari
Cheibriados
Dithmenos
Elyvilon
Fedhas
Gozag
Hepliaklqana
Kikubaaqudgha
Makhleb
Nemelex Xobeh
Okawaru
Qazlal
Ru
Sif Muna
Trog
Uskayaw
Vehumet
Wu Jian
Xom
Yredelemnul
Zin
The Shining One

Shops:
D:5 *   D:6 :   D:7 =   D:9 !

Annotations:
D:10 Erolcha


Innate Abilities, Weirdness & Mutations

You have razor-sharp teeth.
Your natural rate of healing is unusually fast.
When hurt, damage is shared between your health and your magic reserves.
Your bite disrupts and absorbs the magic of your enemies.
Potions cannot restore your health.


Message History

You hear a bellow!
You see here 21 arrows.
Casting: Call Canine Familiar (safe; 1% risk of failure)
Confirm with . or Enter, or press ? or * to list all spells.
An electric hum fills the air.
The skeletal warrior closely misses you.
The yak completely misses you.
The skeletal warrior hits you with a +0 halberd!
The yak misses your wolf.
The skeletal warrior hits you from afar with a +0 halberd.
Your wolf disappears in a puff of smoke!
The yak gores you.
Your lightning spire shoots out a bolt of lightning at the yak!
The bolt of electricity hits the yak!
Your lightning spire shoots out a bolt of lightning at the yak!
The bolt of electricity hits the yak!
Your lightning spire shoots out a bolt of lightning at the yak!
The bolt of electricity hits the yak!
The yak dies!
The skeletal warrior hits you from afar with a +0 halberd!!
The skeletal warrior completely misses you.
The skeletal warrior closely misses you.
As you read the scroll of teleportation, it crumbles to dust.
You feel strangely unstable.
The yak bellows!
The yak gores you.
The skeletal warrior hits you with a +0 dire flail!!
Okay, then.
Aiming: Paralyse
Press: ? - help, Shift-Dir - straight line, f - yak
Aim: a yak (chance to affect: 50%)
The yak suddenly stops moving!
The skeletal warrior hits you but does no damage.
The skeletal warrior hits you with a +0 dire flail!!
* * * LOW HITPOINT WARNING * * *
Okay, then.
Your surroundings suddenly seem different.
Erolcha shouts!
Erolcha hits you with a +0 giant club!!
You die...

......##'########....#....'......
.....................#....#......
.....................####+#......
#####............................
#............................
#.######.........############ #.#
#.........#........... +.#
#.........'..........< #.#
#...O@....#........... #.#
#.........#........... #.#
#......(..#........... ####
+.....#####........... ....
#.....#............... ....
.......#.)..#######.... ....
........##...# ###.. ....
.........#.).# #.. .... ##...#
#(.


You could see Erolcha.

Vanquished Creatures
  A centaur warrior (D:10)
  A wyvern (D:7)
  A yak (D:10)
  2 steam dragons
  3 humans (D:8)
  A water moccasin (D:4)
  An ice beast (D:5)
  An orc warrior (D:9)
  A sky beast (D:7)
  2 centaurs
  3 kobold brigands
  2 bullfrogs
  5 water moccasin zombies (Ossuary)
  3 wights (D:5)
  An electric eel (D:8)
  2 hounds (D:6)
  A jelly (D:6)
  5 orc priests
  A centaur skeleton (D:5)
  A hound zombie (D:5)
  2 mummies (Ossuary)
  A howler monkey zombie (D:6)
  An adder (D:3)
  A river rat (Sewer)
  An ufetubus (D:4)
  3 adder zombies (Ossuary)
  2 worms (Sewer)
  2 dart slugs
  9 orcs
  11 endoplasms
  4 giant cockroaches
  4 hobgoblins
  6 quokkas
  2 ball pythons
  4 bats
  3 frilled lizards
  A gnoll zombie (Ossuary)
  2 goblins
  5 hobgoblin zombies (Ossuary)
  11 kobolds
  4 kobold zombies (Ossuary)
  3 orc zombies (Ossuary)
  2 quokka zombies (D:8)
  23 rats
145 creatures vanquished.

Vanquished Creatures (collateral kills)
  Pikel (D:5)
  6 yaks (D:10)
  A human (D:8)
  2 acid dragons (D:9)
  2 necrophages (D:5)
  An ice beast (D:5)
  3 ogres (D:5)
  3 kobold brigands
  A bullfrog (D:7)
  A water moccasin zombie (Ossuary)
  A wight (D:5)
  A centaur zombie (D:6)
  2 hounds
  3 gnolls (D:2)
  9 adders
  6 worms
  A dart slug (D:3)
  An orc (D:3)
  8 bats
  8 endoplasms
  A giant cockroach (D:1)
  A gnoll zombie (Ossuary)
  2 goblins
  4 hobgoblins
  11 kobolds
  A quokka (D:4)
  3 ball pythons
  2 frilled lizards (D:1)
  A hobgoblin zombie (Ossuary)
  A kobold zombie (Ossuary)
  2 orc zombies (Ossuary)
  8 rats
98 creatures vanquished.

Vanquished Creatures (others)
  5 yaks (D:10)
  A human (D:8)
  An acid dragon (D:9)
  An orc warrior (D:8)
  A sky beast (D:7)
  A white imp (D:7)
10 creatures vanquished.

Grand Total: 253 creatures vanquished

Notes
Turn   | Place    | Note
-------+----------+-------------------------------------------
     0 | D:1      | kae the Vine Stalker Summoner began the quest for the Orb.
     0 | D:1      | Reached XP level 1. HP: 9/9 MP: 4/4
   292 | D:1      | Reached XP level 2. HP: 9/14 MP: 4/6
  1049 | D:1      | Reached XP level 3. HP: 13/17 MP: 4/7
  1052 | D:1      | Learned a level 2 spell: Call Imp
  1056 | D:1      | Learned a level 3 spell: Call Canine Familiar
  1130 | D:1      | Reached skill level 1 in Fighting
  1370 | D:1      | You fall into a shaft and drop 1 floor!
  2775 | D:2      | Gained mutation: Your natural rate of healing is unusually
                  | fast. [Vine Stalker growth]
  2775 | D:2      | Reached XP level 4. HP: 20/22 MP: 6/9
  3119 | D:2      | Reached skill level 5 in Summonings
  3750 | D:2      | Reached XP level 5. HP: 10/26 MP: 2/10
  3961 | D:3      | Found a glowing drain.
  3979 | Sewer    | Entered a sewer
  4175 | Sewer    | Reached XP level 6. HP: 30/30 MP: 9/12
  4340 | Sewer    | Reached skill level 6 in Summonings
  4559 | Sewer    | Reached XP level 7. HP: 30/35 MP: 9/14
  6228 | D:4      | Reached skill level 7 in Summonings
  6832 | D:5      | Entered Level 5 of the Dungeon
  6954 | D:5      | Found Luyvoc's Elemental Accessories.
  7036 | D:5      | Gained mutation: You have razor-sharp teeth. [Vine Stalker
                  | growth]
  7036 | D:5      | Reached XP level 8. HP: 42/42 MP: 12/16
  7167 | D:5      | Reached skill level 5 in Spellcasting
  7625 | D:5      | Reached skill level 8 in Summonings
  8396 | D:6      | Noticed Pikel
  8659 | D:5      | Killed Pikel
  8660 | D:5      | Reached skill level 9 in Summonings
  8660 | D:5      | Reached XP level 9. HP: 23/46 MP: 2/19
  8802 | D:6      | Identified a scroll of acquirement
  8802 | D:6      | Acquired the ring "Jaiseff" {rPois rC- MP+9 AC+4 Dex+2}
  8917 | D:6      | Reached skill level 5 in Fighting
  9013 | D:6      | Found Fim Lem's Book Shoppe.
  9069 | D:6      | Found a staircase to the Ecumenical Temple.
  9314 | Temple   | Entered the Ecumenical Temple
  9692 | D:7      | Found Waprejov's Jewellery Emporium.
  9746 | D:7      | Learned a level 3 spell: Summon Guardian Golem
  9793 | D:7      | Learned a level 4 spell: Summon Lightning Spire
 10376 | D:8      | Found a broken altar of Ashenzari.
 10376 | D:8      | Found a sand-covered staircase.
 10393 | D:8      | Became a worshipper of Ashenzari the Shackled
 10410 | Ossuary  | Entered an ossuary
 10544 | Ossuary  | Reached skill level 10 in Summonings
 10711 | D:8      | Found a staircase to the Lair.
 10736 | D:8      | Reached XP level 10. HP: 47/53 MP: 21/21
 11044 | D:8      | HP: 2/53 [orc priest/divine providence (10)]
 12070 | D:9      | Found Huw Leem's Distillery.
 12135 | D:9      | Bought a potion of lignification for 45 gold pieces
 12135 | D:9      | Bought a potion of lignification for 45 gold pieces
 12576 | D:10     | Entered Level 10 of the Dungeon
 12592 | D:10     | Noticed a skeletal warrior
 12599 | D:10     | Reached skill level 11 in Summonings
 12606 | D:10     | Noticed a skeletal warrior
 12744 | D:10     | Noticed a centaur warrior
 12763 | D:10     | Killed a centaur warrior
 12881 | D:10     | Noticed Erolcha
 12995 | D:10     | Reached skill level 5 in Dodging
 13255 | D:10     | Noticed a skeletal warrior
 13268 | D:10     | Reached XP level 11. HP: 58/58 MP: 20/24
 13316 | D:10     | Reached skill level 1 in Evocations
 13378 | D:10     | Slain by Erolcha

Illustrated notes

Levels and vault maps discovered:
D:1:      ncdulo_wetmaze, layout_rooms, minmay_ruptured
D:2:      layout_rooms, minmay_rat_hole
D:3:      layout_rooms, portal_sewer_entry_d, minmay_checkerbox
D:4:      layout_layer_cave
D:5:      layout_basic, nicolae_elemental_shop
D:6:      layout_basic, minmay_temple_entry_glassed_door, serial_shops,
          kennysheep_mini, uniq_pikel
D:7:      layout_loops_ring, nicolae_stop_n_shop_1
D:8:      layout_basic, cheibrodos_ashenzari_chains, dpeg_oklobed_lair,
          enter_ossuary_4, kennysheep_big_empty_room, corexii_checkpoint_b,
          minmay_crystal_water, minmay_ruffians
D:9:      layout_loops_cross, serial_shops, shop
D:10:     layout_irregular_city, uniq_erolcha
Temple:   minmay_crystal_snake_temple

Skill      XL: |  1  2  3  4  5  6  7  8  9 10 11 |
---------------+----------------------------------+-----
Fighting       | 1 2 3 4 5 6 |  6.9
Summonings     | 5 6 7 9 10 11 | 11.7
Spellcasting   | 3 4 6 8 |  8.1
Dodging        | 3 4 5 |  5.3
Evocations     | 1 |  1.1
Stealth        | |  2.4

Action                   |  1- 3 |  4- 6 |  7- 9 | 10-12 || total
-------------------------+-------+-------+-------+-------++-------
Melee: Unarmed           |   149 |   168 |    65 |       ||   382
       Bite              |    35 |    38 |    85 |    33 ||   191
       Whip              |       |       |   190 |   108 ||   298
 Cast: Summon Small Mamm |    29 |    14 |    25 |     7 ||    75
       Call Imp          |    10 |    18 |    43 |    10 ||    81
       Call Canine Famil |       |     3 |    51 |    13 ||    67
       Summon Guardian G |       |       |     2 |    14 ||    16
       Summon Lightning  |       |       |       |    12 ||    12
Invok: Curse Item        |       |       |       |     1 ||     1
Evoke: Wand              |       |       |       |     1 ||     1
  Use: Scroll            |     1 |     7 |     8 |     9 ||    25
       Potion            |     1 |     3 |       |       ||     4
 Stab: Sleeping          |     1 |     1 |     2 |     2 ||     6
       Distracted        |     1 |       |     1 |     1 ||     3
Armor: Robe              |    66 |    22 |    84 |    55 ||   227
       Steam dragon scal |       |       |       |     5 ||     5
Dodge: Dodged            |   160 |    97 |   200 |    99 ||   556

Table legend: (Time is in decaauts)
 A = Elapsed time spent in this place.
 B = Non-inter-level travel time spent in this place.
 C = Inter-level travel time spent in this place.
 D = Time resting spent in this place.
 E = Time spent auto-exploring this place.
 F = Levels seen in this place.
 G = Mean time per level.
                   A        B        C        D        E       F      G
               +--------+--------+--------+--------+--------+-----+--------+
         Total |  13585 |  13190 |    395 |   1286 |   8949 |  13 | 1045.0 |
       Dungeon |  11828 |  11470 |    358 |   1187 |   7857 |  10 | 1182.8 |
        Temple |    213 |    177 |     36 |      0 |    161 |   1 |  213.0 |
         Sewer |   1272 |   1272 |      0 |     99 |    784 |   1 | 1272.0 |
       Ossuary |    271 |    271 |      0 |      0 |    147 |   1 |  271.0 |
               +--------+--------+--------+--------+--------+-----+--------+

Top non-repeatable levels by time:
     D:1: 1945 daAuts
     D:5: 1870 daAuts
     D:2: 1766 daAuts
   Sewer: 1272 daAuts
     D:4: 1221 daAuts
     D:9: 1055 daAuts
     D:8: 932 daAuts
     D:7: 826 daAuts
     D:3: 801 daAuts
     D:6: 731 daAuts
    D:10: 676 daAuts
 Ossuary: 271 daAuts
  Temple: 213 daAuts
